 Dungeon Crawl Stone Soup version 0.22-a0-389-g8519d86 (webtiles) character file.

25 Mgcat the Insei (level 3, -8/26 HPs)
             Began as a Merfolk Transmuter on Apr 30, 2018.
             Killed from afar by an orc wizard (10 damage)
             ... with a puff of frost
             ... on level 1 of the Dungeon.
             The game lasted 00:03:14 (983 turns).

Mgcat the Insei (Merfolk Transmuter)                 Turns: 983, Time: 00:03:15

Health: -8/26      AC:  2    Str: 10    XL:     3   Next: 6%
Magic:  11/15      EV: 13    Int: 13    God:
Gold:   25         SH:  0    Dex: 14    Spells: 0/6 levels left

rFire    . . .     SeeInvis .     - Unarmed
rCold    . . .     Gourm    .   (no shield)
rNeg     . . .     Faith    .   b - +0 robe
rPois    .         Spirit   .   (no helmet)
rElec    .         Reflect  .   (no cloak)
rCorr    .         Harm     .   (no gloves)
MR       .....                  (no boots)
Stlth    +.........             (no amulet)
HPRegen  0.08/turn              c - ring of magical power {MP+9}
MPRegen  0.14/turn              (no ring)

@: appendage (expiring)
A: change form in water, swift swim, stealthy swim, horns 2
a: End Transformation


You were on level 1 of the Dungeon.
You were not hungry.
You had grown temporary horns.
You visited 1 branch of the dungeon, and saw 2 of its levels.

You collected 25 gold pieces.

Inventory:

Missiles
 a - 79 arrows
 f - 2 tomahawks (quivered)
Armour
 b - a +0 robe (worn)
Jewellery
 c - a ring of magical power (left hand) {MP+9}
   (You found it on level 1 of the Dungeon)
Comestibles
 d - 2 rations
 g - 4 chunks of flesh {@w0}


   Skills:
 - Level 1.1 Fighting
 - Level 2.6 Dodging
 + Level 4.0 Unarmed Combat
 - Level 2.0 Spellcasting
 + Level 3.7 Transmutations
 + Level 0.0 Poison Magic


You couldn't memorise any spells.
You knew the following spells:

 Your Spells              Type           Power        Failure   Level  Hunger
a - Beastly Appendage     Tmut           ##....       5%          1    ##.....
b - Sticks to Snakes      Tmut           ##......     9%          2    ###....
c - Spider Form           Tmut/Pois      #.........   34%         3    ####...


Dungeon Overview and Level Annotations

Branches:
Dungeon (2/15)

Altars:


Innate Abilities, Weirdness & Mutations

You revert to your normal form in water.
You are very nimble and swift while swimming.
You are very stealthy in the water. (Stealth+)
You have a pair of horns on your head.


Message History

The adder is almost dead.
The adder misses you.
Your ball python bites the adder.
The adder dies!
Your Unarmed Combat skill increases to level 4!
You have reached level 3!
Your experience leads to an increase in your attributes!
Increase (S)trength, (I)ntelligence, or (D)exterity?
You feel clever.
Memorise Spider Form, consuming 3 spell levels and leaving 0?
You start memorising the spell.
You continue memorising. x2
Your transformation is almost over.
You continue memorising.
You finish memorising.
Spell assigned to 'c'.
You're too inexperienced to learn that spell!
Unknown command.
Unknown command.
Eating one of 5 chunks of flesh {@w0}.
You eat one of the 5 chunks of flesh {@w0}.
This raw flesh tastes terrible.
Your horns disappear.
Your magical contamination has completely faded away.
HP restored.
Magic restored.
You butcher the adder corpse.
g - 5 chunks of flesh {@w0} (gained 1)
You start to feel less resistant.
Your ball python withers and dies!
Done exploring.
Done exploring.
Done exploring.
Done exploring.
Done exploring.
Done exploring.
Done exploring.
Done exploring.
Done exploring.
Your resistance to elements expires.
There is a stone staircase leading down here.
Some of the chunks of flesh in your inventory have rotted away.
You climb downwards. 2 orcs and an orc wizard come into view.
The orc shouts!
The orc wizard shouts!
The orc shouts!
There is a stone staircase leading up here.
Casting: Beastly Appendage (safe; 5% risk of failure)
Confirm with . or Enter, or press ? or * to list all spells.
You create a snake!
You now have 80 arrows.
The orc wizard mumbles some strange words.
The orc wizard seems to speed up.
An adder comes into view.
The orc wizard hits your ball python with a dagger.
Your ball python dies!
Casting: Sticks to Snakes (safe; 9% risk of failure)
Confirm with . or Enter, or press ? or * to list all spells.
You create a snake!
You now have 79 arrows. 2 orcs come into view.
The orc wizard hits you but does no damage.
Casting: Sticks to Snakes (safe; 9% risk of failure)
Confirm with . or Enter, or press ? or * to list all spells.
You grow a pair of large bovine horns.
The orc wizard hits your ball python with a dagger.
Your ball python bites the orc wizard but does no damage.
Your ball python grabs the orc wizard.
Your ball python constricts the orc wizard.
The orc wizard barely misses your ball python.
The orc hits you.
Your ball python bites the orc wizard but does no damage.
Your ball python constricts the orc wizard.
The orc wizard points at your ball python and mumbles some strange words.
The magic dart hits your ball python.
Your ball python dies!
The orc wizard shouts!
You barely miss the orc. Your headbutt misses the orc.
The orc closely misses you.
You completely miss the orc wizard.
You punch the orc wizard, but do no damage.
The orc wizard is lightly wounded.
The orc wizard hits you with a dagger. The orc barely misses you.
The orc wizard hits you with a dagger.
You completely miss the orc wizard.
The orc wizard is lightly wounded.
Your transformation is almost over.
The orc closely misses you.
The orc wizard points at you and mumbles some strange words.
The puff of frost hits you! The orc wizard barely misses you. The orc hits you.
The orc wizard closely misses you.
You climb upwards.
There is a stone staircase leading down here.
You completely miss the orc wizard. Your headbutt misses the orc wizard.
The orc wizard is lightly wounded.
The orc hits you.
* * * LOW HITPOINT WARNING * * *
The orc wizard hits you with a dagger.
* * * LOW HITPOINT WARNING * * *
You aren't carrying any potions.
You hit the orc wizard.
The orc wizard is lightly wounded.
The orc wizard gestures at you while chanting.
The puff of frost hits you!
You die...

...#.....#...# #....#.#
...#.....#.#.# #....#.#
##.......#.#.# ##.#.#.#
###.####.#.#.# #.#.#.# #
#.## #.#.#.# #.#.#.#
###..# #.#.#.# #.#.#.#
.....# #.#.#)# #.#.#.#
.###.###.....#######.#.#[#
...#...........o@#...#.#.#
.#'#.#####.####o.#.###.#.#
.#.'.## #.# #..#.# #.#.#
.#.#.[# #.# #..#.# #.#.#
### '#.##.# #.#
#..#.###.#.# #.. .#.#..#
#.# #..#.....#.# #.#
.#....# #.# #..#######.#
#.# .####.####.#
#..........# #.#
...#.......#
#.###############.#


You could see an orc wizard and an orc.

Vanquished Creatures
  A giant cockroach (D:1)
  4 hobgoblins (D:1)
  3 jackals
  4 bats (D:1)
  2 frilled lizards (D:1)
  2 goblins (D:1)
  A kobold (D:1)
  2 rats (D:1)
19 creatures vanquished.

Vanquished Creatures (collateral kills)
  An adder (D:1)
1 creature vanquished.

Grand Total: 20 creatures vanquished

Notes
Turn   | Place    | Note
-------+----------+-------------------------------------------
     0 | D:1      | Mgcat the Merfolk Transmuter began the quest for the Orb.
     0 | D:1      | Reached XP level 1. HP: 15/15 MP: 3/3
   324 | D:1      | Reached skill level 3 in Transmutations
   394 | D:1      | Reached XP level 2. HP: 14/21 MP: 5/5
   399 | D:1      | Learned a level 2 spell: Sticks to Snakes
   880 | D:2      | Noticed a necrophage
   893 | D:2      | HP: 5/21 [adder (2)]
   898 | D:1      | HP: 2/21 [adder (2)]
   904 | D:1      | Reached skill level 4 in Unarmed Combat
   904 | D:1      | Reached XP level 3. HP: 17/26 MP: 6/6
   909 | D:1      | Learned a level 3 spell: Spider Form
   982 | D:1      | HP: 6/26 [orc (3)]
   982 | D:1      | HP: 2/26 [orc wizard/dagger (4)]
   983 | D:1      | Killed from afar by an orc wizard

Vault maps used:
D:1:      shiori_arrival_maze, supply_closet_lemuel, minmay_box_of_dots
D:2:      minmay_cut_off

Skill      XL: |  1  2 |
---------------+-------+-----
Transmutations | 3 |  3.7
Unarmed Combat | 4 |  4.0
Fighting       | |  1.1
Dodging        | |  2.6
Spellcasting   | |  2.0

Action                   || total
-------------------------++-------
Melee: Unarmed           ||    69
       Headbutt          ||     9
       Punch             ||     2
Throw: Tomahawk          ||     3
 Cast: Beastly Appendage ||    14
       Sticks to Snakes  ||     5
  Use: Potion            ||     2
 Stab: Sleeping          ||     1
  Eat: Chunk             ||     1
Armor: Robe              ||    23
Dodge: Dodged            ||    72

Table legend:
 A = Spawn XP
 B = Non-spawn XP
 C = Spawn XP percentage of total XP
 D = Spawn monster count
 E = Non-spawn monster count
 F = Spawn count percentage of total count
 G = Total turns spent on level
                    A         B        C        D         E        F      G
               +---------+---------+-------+---------+---------+-------+---------
         Total |       0 |      37 |   0.0 |       0 |      20 |   0.0 |   983
               +---------+---------+-------+---------+---------+-------+---------
           D:1 |       0 |      33 |   0.0 |       0 |      18 |   0.0 |   945
           D:2 |       0 |       4 |   0.0 |       0 |       2 |   0.0 |    38
               +---------+---------+-------+---------+---------+-------+---------

Vault maps used:
D:1:      shiori_arrival_maze, supply_closet_lemuel, minmay_box_of_dots
D:2:      minmay_cut_off

Table legend:
 A = Turns spent in this place as a percentage of turns spent in the entire game.
 B = Non-inter-level travel turns spent in this place as a percentage of non-inter-level travel turns spent in the entire game.
 C = Inter-level travel turns spent in this place as a percentage of turns spent in this place.
 D = Turns resting spent in this place as a percentage of non-inter-level travel turns spent in this place.
 E = Turns spent auto-exploring this place as a percentage of non-inter-level travel turns spent in this place.
 F = Non-inter-level travel turns spent in this place divided by the number of levels of this place that you've seen.
                   A       B       C       D       E      F
               +-------+-------+-------+-------+-------+----------------------
         Total | 100.0 | 100.0 |   6.2 |   0.0 |  77.3 | 461.0
       Dungeon | 100.0 | 100.0 |   6.2 |   0.0 |  77.3 | 461.0
               +-------+-------+-------+-------+-------+----------------------

Table legend:
 A = Kills in this place as a percentage of kills in entire the game.
 B = Kills by you in this place as a percentage of kills by you in the entire game.
 C = Kills by friends in this place as a percentage of kills by friends in the entire game.
 D = Other kills in this place as a percentage of other kills in the entire game.
 E = Experience gained in this place as a percentage of experience gained in the entire game.
 F = Experience gained in this place divided by the number of levels of this place that you have seen.
                   A       B       C       D       E      F
               +-------+-------+-------+-------+-------+----------------------
         Total | 100.0 | 100.0 | 100.0 |   N/A | 100.0 |  18.5
       Dungeon | 100.0 | 100.0 | 100.0 |   N/A | 100.0 |  18.5
               +-------+-------+-------+-------+-------+----------------------
